 Dungeon Crawl Stone Soup version 0.30-a0-341-g6827065 (webtiles) character file.

Game seed: 10079944979148570136

47 Dorkslayer the Shield-Bearer (level 3, -3/29 HPs)
             Began as a Human Fighter on Oct 31, 2022.
             Slain by Terence
             ... wielding a +0 trident
              (8 damage)
             ... on level 2 of the Dungeon.
             The game lasted 00:02:59 (1054 turns).

Dorkslayer the Shield-Bearer (Human Fighter)        Turns: 1054, Time: 00:02:59

Health: -3/29      AC:  6    Str: 16    XL:     3   Next: 97%
Magic:  3/3        EV:  9    Int:  8    God:
Gold:   66         SH:  5    Dex: 14    Spells: 2/2 levels left

rFire   . . .      SeeInvis .    a - +0 long sword
rCold   . . .      Faith    .    c - +0 buckler
rNeg    . . .      Spirit   .    b - +0 scale mail
rPois   .          Reflect  .    (no helmet)
rElec   .          Harm     .    (no cloak)
rCorr   .          Rampage  .    (no gloves)
Will    .....                    (no boots)
Stlth   ..........               (no amulet)
HPRegen 0.24/turn                (no ring)
MPRegen 0.08/turn                (no ring)

@: no status effects
A: no striking features
a: no special abilities


You were on level 2 of the Dungeon.
You visited 1 branch of the dungeon, and saw 2 of its levels.

You collected 66 gold pieces.

Inventory:

Hand Weapons
 a - a +0 long sword (weapon)
Armour
 b - a +0 scale mail (worn)
 c - a +0 buckler (worn)
Scrolls
 f - a scroll of poison {unknown}
 g - a scroll of summoning {unknown}
 h - 2 scrolls of amnesia {unknown}
Potions
 d - a potion of might
 e - a potion of curing {unknown}


   Skills:
 + Level 3.2 Fighting
 + Level 2.5 Long Blades
 + Level 3.3 Armour
 * Level 1.1 Dodging
 + Level 3.4 Shields


You had 2 spell levels left.
You didn't know any spells.
Your spell library contained the following spells:

 Spells                   Type           Power      Damage    Failure   Level
 Blink                    Tloc           0%         N/A       97%         2
 Manifold Assault         Tloc           0%         N/A       100%        4
 Storm Form               Tmut/Air       0%         N/A       100%        7


Dungeon Overview and Level Annotations

Branches:
Dungeon (2/15)

Altars:

Shops:
D:1 [*

Annotations:
D:2 Terence


Message History

The quokka is moderately wounded.
The quokka barely misses you. Terence hits you but does no damage.
You block the quokka's attack.
You hit the quokka.
The quokka is severely wounded.
Terence hits you from afar with a +0 trident.
You block the quokka's attack. Terence barely misses you.
You completely miss the quokka.
The quokka is severely wounded.
The quokka bites you.
Terence hits you from afar with a +0 trident.
The quokka barely misses you.
You hit the quokka.
You kill the quokka!
Terence barely misses you. Terence hits you but does no damage.
You see here a quokka corpse.
You hit Terence.
Terence is moderately wounded.
You block Terence's attack. Terence hits you with a +0 trident.
You barely miss Terence.
Terence is moderately wounded.
Terence hits you with a +0 trident.
You hit Terence but do no damage.
Terence is moderately wounded.
Terence hits you with a +0 trident.
You hit Terence.
Terence is heavily wounded.
Terence hits you with a +0 trident.
You hit Terence but do no damage.
Terence is heavily wounded.
You block Terence's attack. Terence barely misses you.
You hit Terence but do no damage.
Terence is heavily wounded.
Terence hits you with a +0 trident!
* * * LOW HITPOINT WARNING * * *
You hit Terence.
Terence is severely wounded.
Terence hits you with a +0 trident!
You die...

#.............### #.......#
#.#####.###.....# #.#####.#
#.##....# #.....###.#####.###
#.##.##.# #.................#
#.##.##.# #.....###.##.##.#.#
#.......###.....# #.##.##.#.#
####.....##########.......#.#
######.##.......#.##.#..#.#
#......##....@@...).....#.#####
#.####.##......................
#.##...##..........#...........
#.##.#.##.........##....#......
#<##.#.##...............#######
#......##.......#.##.##.#
####.############.......# #.#
####.#### #.##### #.#


You could see Terence.

Vanquished Creatures
  2 dart slugs (D:1)
  2 ball pythons (D:1)
  4 bats (D:1)
  3 endoplasms (D:1)
  A giant cockroach (D:2)
  4 goblins (D:1)
  3 hobgoblins (D:1)
  4 jackals (D:1)
  3 quokkas
  4 frilled lizards
  5 kobolds (D:1)
  3 rats (D:1)
38 creatures vanquished.

Notes
Turn   | Place    | Note
-------+----------+-------------------------------------------
     0 | D:1      | Dorkslayer the Human Fighter began the quest for the Orb.
     0 | D:1      | Reached XP level 1. HP: 18/18 MP: 1/1
    71 | D:1      | Reached XP level 2. HP: 17/24 MP: 2/2
   148 | D:1      | Found Wiwujar's Antique Armour Boutique.
   325 | D:1      | Reached XP level 3. HP: 29/29 MP: 3/3
   392 | D:1      | Reached skill level 1 in Dodging
   402 | D:1      | Found Wennyxke's Assorted Antiques.
  1037 | D:2      | Noticed Terence
  1054 | D:2      | Slain by Terence

Illustrated notes

Levels and vault maps discovered:
D:1:      minmay_arrival_pointy, layout_loops_ring, serial_shops, shop,
          nicolae_lakefront_shop, serial_glass, glass_columns_c, glass_columns_a
D:2:      layout_loops_cross, minmay_pentomino_v2, uniq_terence, uniq_sigmund

Skill      XL: |  1  2  3 |
---------------+----------+-----
Dodging        | 1 |  1.1
Fighting       | |  3.2
Long Blades    | |  2.5
Armour         | |  3.3
Shields        | |  3.4

Action                   || total
-------------------------++-------
Melee: Long sword        ||   108
Armor: Scale mail        ||    57
Dodge: Dodged            ||    69
Block: Buckler           ||    42

Table legend: (Time is in decaauts)
 A = Elapsed time spent in this place.
 B = Non-inter-level travel time spent in this place.
 C = Inter-level travel time spent in this place.
 D = Time resting spent in this place.
 E = Time spent auto-exploring this place.
 F = Levels seen in this place.
 G = Mean time per level.
                   A        B        C        D        E       F      G
               +--------+--------+--------+--------+--------+-----+--------+
         Total |   1088 |   1088 |      0 |      0 |    508 |   2 |  544.0 |
       Dungeon |   1088 |   1088 |      0 |      0 |    508 |   2 |  544.0 |
               +--------+--------+--------+--------+--------+-----+--------+

Top non-repeatable levels by time:
     D:1: 949 daAuts
     D:2: 139 daAuts
